[Event "Slovakia Open 2022"]
[Site "Bratislava"]
[Date "2022.10.01"]
[Round "6.15"]
[White "Meszaros, Casey Ryan"]
[Black "Vadila, Ondrej"]
[Result "0-1"]
[ECO "A70"]
[WhiteElo "1925"]
[BlackElo "2178"]
[Annotator "TA"]
[PlyCount "62"]
[EventDate "2022.09.30"]
[EventCountry "SVK"]
[SourceTitle "playchess.com"]
[Source "ChessBase"]
[SourceQuality "1"]
[TimeControl "2700+10"]

1. d4 Nf6 2. c4 c5 3. d5 e6 4. Nf3 exd5 5. cxd5 d6 6. Nc3 g6 7. e4 Bg7 {[%emt 0:00:02] 7...a6 is more fashionable.} 8. Bb5+ Nfd7 {[%emt 0:00:06] A70: Modern Benoni: 6 e4 g6 7 Nf3.} 9. O-O (9. Bg5 {looks sharper.} Qb6 10. Nd2 O-O 11. a4) 9... O-O {[%emt 0:00:15] [#]} 10. Be3 $146 ({Predecessor:} 10. Bg5 Qc7 11. Rc1 a6 12. Bd3 b5 13. b3 Re8 14. Re1 Ne5 15. Nxe5 Bxe5 16. f4 {1-0 (60) Jarocka,L (2006)-Goncharov,V (2077) Chess.com INT 2021}) 10... a6 {[%emt 0:00:15] White has an edge.} 11. Be2 b5 12. Qc2 Re8 13. Nd2 Qc7 14. a4 b4 15. Na2 Ra7 16. Rac1 Rb7 17. b3 Nf6 18. f3 (18. Rcd1 $11) 18... Nxd5 $1 $17 19. exd5 (19. Bf2 $17) 19... Rxe3 $19 20. Nc4 Re8 21. Bd3 Qd8 22. Qd2 Qf6 23. Rfe1 (23. Rcd1 $142) 23... Rbe7 24. Be4 Nd7 25. Na5 Qd4+ (25... Ne5 $142 {Strongly threatening ...Qh4.} 26. Rcd1 Qh4) 26. Qxd4 Bxd4+ ({But not} 26... cxd4 27. Nc6 Nc5 28. Nxe7+ Rxe7 29. Nxb4 $16) 27. Kf1 Ne5 28. Rcd1 f5 29. Bc2 Bd7 30. Nb7 Nf7 31. Rxe7 Rxe7 {[%emt 0:00:04] Weighted Error Value: White=0.30/Black=0.24 (precise)} 0-1

[Event "Slovakia Open 2022"]
[Site "Bratislava"]
[Date "2022.10.01"]
[Round "6.16"]
[White "Rakhmangulova, Anastasiya"]
[Black "Nemsak, Denis"]
[Result "0-1"]
[ECO "B01"]
[WhiteElo "2244"]
[BlackElo "2012"]
[Annotator "TA"]
[PlyCount "114"]
[EventDate "2022.09.30"]
[EventCountry "SVK"]
[SourceTitle "playchess.com"]
[Source "ChessBase"]
[SourceQuality "1"]
[TimeControl "2700+10"]

1. e4 d5 2. exd5 Nf6 3. Bb5+ Bd7 4. Bc4 Bg4 5. f3 Bc8 6. Nc3 Nbd7 7. Ne4 Nb6 8. Nxf6+ {[%emt 0:04:49] B01: Scandinavian Defence.} gxf6 9. Bb3 Nxd5 10. Ne2 {[%emt 0:00:05] [#] The position is equal.} Rg8 $146 ({Predecessor:} 10... Bf5 11. d4 Qd7 12. Nc3 Nxc3 13. bxc3 O-O-O 14. Be3 e5 15. d5 Ba3 16. Rb1 Rhg8 {0-1 (37) Tumanov,D (1909)-Suominen,A (2002) Helsinki 2012}) 11. O-O {[%emt 0:01:19] With the idea d4.} Bh6 (11... Bh3 $1 $11 {keeps the balance.} 12. Ng3 h5) 12. Kh1 Qd6 {[%emt 0:04:15] [#]} 13. d4 $1 Rg6 (13... Ne3 $2 14. Bxe3 Bxe3 15. Qd3 $18) 14. f4 (14. Bxh6 $16 Rxh6 15. g3) 14... f5 $1 $11 15. c4 Nf6 16. c5 Qd7 17. d5 Ne4 (17... c6 $11) 18. Be3 $36 {[%emt 0:00:12][%mdl 2048] White has strong initiative.} c6 19. Qc2 Bg7 ({Not} 19... cxd5 20. Rad1 (20. Ba4 Rc6 $16)) 20. Bd4 ({Better is} 20. Rad1 $16) 20... Bxd4 $1 $15 (20... cxd5 $2 21. Ba4 Rc6 22. Bxg7 $18) 21. Nxd4 Qc7 (21... Qd8 $1 $15) 22. Rac1 Bd7 23. dxc6 bxc6 (23... Bxc6 $11 24. Nxc6 (24. Nxf5 O-O-O $19) 24... bxc6) 24. Qc4 Be6 25. Nxe6 Rxe6 26. Qd4 {[%emt 0:00:03] aiming for Qh8+.} (26. g4 $5 Rd8 27. gxf5 $16) 26... Rf6 27. Qe5 Qxe5 28. fxe5 Rh6 {[%emt 0:00:10] Hoping for ...Ng3+.} 29. Kg1 e6 (29... Nd2 $11) 30. Ba4 Kd7 (30... Rc8 $14) 31. b4 ({White should try} 31. Rfd1+ $16 Kc7 32. Rc4) 31... Rb8 (31... Kc7 $1 $11) 32. a3 (32. Rfd1+ $16 Kc7 33. Rc4) 32... Kc7 $14 33. Rfd1 Rg6 34. Rc2 (34. Rd3 $14 {might be stronger.}) 34... Rg4 $11 35. Rd4 a5 36. Rc1 $1 axb4 37. axb4 {[%emt 0:00:01] [#]} (37. Bd1 $1 $11 {remains equal.} Rgg8 38. axb4) 37... Ra8 (37... Rbg8 $1 $17 38. g3 Ng5 39. Rxg4 Nf3+ 40. Kf2 fxg4) 38. Bd1 ({Much weaker is} 38. b5 cxb5 39. Bxb5 Ra2 $17) 38... Rgg8 39. Bf3 Ng5 40. Be2 Ra2 41. Kf1 Ne4 {[%emt 0:00:06] Threatens to win with ...Nd2+.} 42. Rcd1 {[%emt 0:01:08] Against Nd2+} (42. Rd3 $11) 42... Nc3 $15 {[%emt 0:00:30][%csl LRd1,LRe2] Black is more active.} 43. R1d2 Rxd2 (43... Nxe2 $2 44. Rd7+ Kc8 45. Rxa2 Kxd7 46. Ra7+ Kc8 47. Ra8+ Kd7 48. Rxg8 $18) 44. Rxd2 Nxe2 45. Rxe2 {[%emt 0:00:02][%mdl 4096] Endgame KR-KR} Rg4 46. Rb2 Re4 47. Kf2 Rxe5 48. Ra2 Kb7 {[%emt 0:00:02] Prevents Ra7+.} 49. Rd2 (49. Ra3 $1 $15) 49... Rd5 $19 50. Rxd5 {[%emt 0:00:22][%mdl 8192] Loses the game.} (50. Rb2 $17) 50... exd5 $17 {[%emt 0:00:03] KP-KP. Black mates.} 51. Ke3 Ka6 52. Kd4 Kb5 53. Kc3 f4 54. h3 h6 55. Kb3 d4 56. h4 h5 57. Ka3 Kc4 {[%emt 0:00:08] Weighted Error Value: White=0.36/Black=0.21 (precise)} 0-1

[Event "Slovakia Open 2022"]
[Site "Bratislava"]
[Date "2022.10.01"]
[Round "6.17"]
[White "Babula, Matej"]
[Black "Kijac, Miroslav"]
[Result "1-0"]
[ECO "C06"]
[WhiteElo "1864"]
[BlackElo "2078"]
[Annotator "TA"]
[PlyCount "59"]
[EventDate "2022.09.30"]
[EventCountry "SVK"]
[SourceTitle "playchess.com"]
[Source "ChessBase"]
[SourceQuality "1"]
[TimeControl "2700+10"]

1. e4 e6 2. d4 d5 3. Nd2 Nf6 4. e5 Nfd7 5. Bd3 c5 6. c3 Nc6 7. Ne2 cxd4 8. cxd4 f6 9. f4 fxe5 10. fxe5 Nxd4 11. O-O Bc5 12. Kh1 Nxe5 13. Nxd4 Bxd4 {[%emt 0:00:07] [#]} 14. Bc2 $146 {[%emt 0:10:14] C06: French Tarrasch: 3...Nf6 4 e5 Nfd7 5 Bd3 main lines.} (14. Nb3 $1 $16 Nxd3 15. Nxd4) ({Predecessor:} 14. Nb3 Nxd3 15. Nxd4 Nxc1 16. Qh5+ g6 17. Qe5 Rf8 18. Rxf8+ Kxf8 19. Qh8+ Ke7 20. Qxh7+ Kd6 21. Rxc1 Bd7 22. Qxg6 {0-1 (33) Calicoca,W (2190)-Volkov,S (2270) Chess.com INT 2016}) 14... Qh4 {[%emt 0:03:41][%mdl 8192] [#]} (14... Nf7 $1 $17 {and life is bright. White must now prevent ...0-0.} 15. Ba4+ (15. Qh5 Bf6 $17) 15... b5 16. Bxb5+ Bd7) 15. Nf3 $2 (15. Ne4 $1 $18 dxe4 16. Qxd4) 15... Nxf3 $11 16. Rxf3 {[%emt 0:00:30] The position is equal.} Rf8 $2 (16... Be5 $11 17. Rh3 Qf6) 17. Ba4+ $2 ({White must play} 17. g3 $18 Qh3 18. Rxf8+ (18. Ba4+ Bd7 $18) 18... Kxf8 19. Qxd4 Qf1+ 20. Qg1) 17... Ke7 $1 {[%emt 0:01:54] Strongly threatening ...Rxf3.} (17... b5 $2 18. Bxb5+ Ke7 19. Rh3 $18 (19. Bg5+ Qxg5 20. Qxd4 Rxf3 $11)) 18. Rh3 ({Much weaker is} 18. Bg5+ Qxg5 19. Qxd4 (19. Rxf8 $2 Kxf8 20. Qxd4 Kg8 $17) 19... Rxf3 20. gxf3 Kf7 $17) 18... Qg4 {[%emt 0:00:25] ( -> ...Qxd1+)} 19. Qe1 {[%emt 0:02:20] [#]} (19. Bg5+ $1 $11 Qxg5 20. Qxd4) 19... Bf2 $2 ({Better is} 19... Rf2 $1 $19 20. Rg3 Qe4 21. Bg5+ Kf7) 20. Qe5 {[%emt 0:07:26] Threatening mate with Bg5+.} Qxa4 21. Qxg7+ Ke8 $1 22. Bh6 {[%emt 0:00:58] Dancing on a razor blade.} Bc5 23. Qxh7 Qd7 $2 {[%emt 0:00:36] [#]} (23... Rf5 $11 {and Black has nothing to worry.} 24. Rg3 Be7 25. Rg8+ (25. Rg7 $2 Qh4 $19) 25... Kd7) 24. Bxf8 $2 (24. Qc2 $1 $18 Qf7 25. Rf3 (25. Qxc5 Qf1+ 26. Rxf1 Rxf1+ 27. Qg1 Rxg1+ 28. Kxg1 Ke7 $14)) 24... Bxf8 $4 (24... Qxh7 $11 {and Black is okay.} 25. Rxh7 Kxf8 26. Rf1+ Kg8) 25. Qc2 $18 {[%emt 0:01:21] And now Rf1 would win.} e5 $2 (25... Qd6 26. Rf1 Be7 27. Rh8+ Kd7) 26. Rf1 {[%emt 0:00:17] Threatens to win with Qg6+. White is clearly winning.} e4 27. Rh8 {[%emt 0:00:25] White wants to mate with Qc5.} Qg7 28. Rhxf8+ Qxf8 29. Rxf8+ Kxf8 30. Qc5+ {[%emt 0:00:05] Weighted Error Value: White=1.00/Black=1.31} 1-0

[Event "Slovakia Open 2022"]
[Site "Bratislava"]
[Date "2022.10.01"]
[Round "6.18"]
[White "Mikulas, Dusan"]
[Black "Djubek, Boris"]
[Result "1-0"]
[ECO "C46"]
[WhiteElo "2047"]
[BlackElo "1995"]
[Annotator "TA"]
[PlyCount "69"]
[EventDate "2022.09.30"]
[EventCountry "SVK"]
[SourceTitle "playchess.com"]
[Source "ChessBase"]
[SourceQuality "1"]
[TimeControl "2700+10"]

1. e4 e5 2. Nf3 Nc6 3. Nc3 Be7 4. d4 exd4 5. Nxd4 Bf6 6. Be3 {[%emt 0:00:31] C46: 3 Nc3: Unusual Black 3rd moves.} Nge7 7. f4 {[%emt 0:02:20] [#] e5 is the strong threat.} Bxd4 ({Black should play} 7... d6 $14) 8. Bxd4 $16 {[%emt 0:00:02] White is better.} Nxd4 9. Qxd4 O-O {[%emt 0:00:50] [#]} 10. O-O-O $146 {[%emt 0:01:38] White is much more active. The black rooks are badly placed.} ({Predecessor:} 10. Bd3 Nc6 11. Qa4 d6 12. O-O-O Bd7 13. Qb3 Rb8 14. a3 Be6 15. Nd5 Nd4 16. Qc3 {1-0 (53) Boda,R (1591)-Birkestrand,O (1771) Bucharest 2019}) 10... d6 11. Bc4 Be6 12. g4 (12. Be2 $16) 12... Nc6 $11 13. Qd3 Qf6 14. Rdf1 Qd4 15. Bxe6 fxe6 16. Qg3 a6 17. Rd1 Qf6 (17... Qc4 $11 {might be stronger.}) 18. Rhf1 $14 Rae8 19. h4 b5 20. h5 b4 21. g5 Qe7 22. Ne2 a5 23. Qb3 Kh8 24. Qc4 Qd7 25. h6 {[%emt 0:02:01] [#] And now hxg7+ would win.} Rb8 $2 {[%emt 0:01:41][%mdl 8192] This costs Black the game.} (25... g6 $16 {is tougher.}) 26. hxg7+ $18 Kxg7 27. Ng3 Rb6 28. Nh5+ Kh8 29. Nf6 Qe7 30. e5 d5 {[%emt 0:00:21] Against Qe4} 31. Qd3 {[%emt 0:00:32] White threatens Rh1 and mate.} Rxf6 32. exf6 {[%emt 0:00:27] Threatening mate with Rh1.} Qf7 33. Rh1 {[%emt 0:00:23] White wants to mate with Rh6.} Kg8 34. Rh6 a4 35. Rdh1 {[%emt 0:00:12] Weighted Error Value: White=0.10 (very precise) /Black=0.65} 1-0

[Event "Slovakia Open 2022"]
[Site "Bratislava"]
[Date "2022.10.01"]
[Round "6.19"]
[White "Balint, Peter"]
[Black "Lecky, Juraj"]
[Result "0-1"]
[ECO "B55"]
[WhiteElo "2235"]
[BlackElo "2070"]
[Annotator "TA"]
[PlyCount "92"]
[EventDate "2022.09.30"]
[EventCountry "SVK"]
[SourceTitle "playchess.com"]
[Source "ChessBase"]
[SourceQuality "1"]
[TimeControl "2700+10"]

1. e4 {[%emt 0:00:03] Edouard,Romain} c5 2. Nf3 d6 3. d4 cxd4 4. Nxd4 Nf6 5. Qd3 Nbd7 6. Be2 {[%emt 0:00:06] B55: Sicilian: 2...d6 3 d4 cxd4 4 Nxd4 Nf6 5 f3.} (6. Nc3 $11) 6... a6 (6... Nc5 $1 $15 7. Qe3 (7. Qb5+ Bd7 $17) 7... e5) 7. Nc3 $11 b5 8. a4 {[%emt 0:00:21] The position is equal.} Nc5 9. Qe3 b4 10. Nd5 Ncxe4 {[%emt 0:00:01] [#]} 11. Nxb4 $146 ({Predecessor:} 11. a5 Nxd5 12. Qxe4 e6 13. O-O Bd7 14. Bd2 Be7 15. Bf3 O-O 16. Qd3 Qb8 17. c4 bxc3 18. bxc3 {1-0 (47) Van Foreest,J (2671)-Grandelius,N (2663) Wijk aan Zee 2021 CBM 201 Extra [Edouard,Romain]}) 11... Bb7 12. f3 Nc5 13. O-O e6 14. b3 Qc7 15. Nf5 ({Better is} 15. c4 $11) 15... g6 16. Bb2 Ncd7 17. Ng3 Bg7 18. Nd3 O-O 19. c4 a5 20. Rfd1 Rfd8 21. Ba3 (21. Rac1 $15) 21... d5 $17 22. Rac1 d4 (22... dxc4 $17 {Threatens to win with ...Nd5.} 23. bxc4 Bc6) 23. Qg5 {[%emt 0:01:53] Against Nd5} (23. Qxd4 $11 {remains equal.} Nd5 24. Qf2) 23... h6 {[%emt 0:01:48] White is on the road to losing.} 24. Qd2 e5 25. Nf2 Nc5 $36 {[%emt 0:00:29][%mdl 2048] Black is really pushing.} 26. Bxc5 Qxc5 27. Bd3 Rab8 28. Rb1 Nd7 29. Nge4 Qc7 30. c5 f5 ({Inferior is} 30... Nxc5 31. Nxc5 Qxc5 32. b4 axb4 33. Qxb4 $17) 31. Bc4+ (31. Nd6 $17) 31... Kh7 $19 32. Nd6 Nxc5 33. Nxb7 Rxb7 ({Don't go for} 33... Nxb7 $2 34. Bb5) 34. Rdc1 $2 (34. Qe2 {was called for.}) 34... e4 35. fxe4 fxe4 {[%emt 0:00:01] aiming for ...e3.} 36. Qd1 (36. Qe1 $142 Qe7 37. Kh1) 36... Qe5 37. Bb5 d3 38. Ng4 Qd4+ 39. Kh1 h5 40. Rc4 Qd6 41. Ne3 Bd4 42. Qd2 Qf4 {[%emt 0:00:01] Prevents Qf2.} 43. Rxd4 Rxd4 44. Bc4 {[%emt 0:00:30] [#]} Rxc4 $1 45. Rf1 {[%emt 0:00:11] [#]} (45. g3 Qf3+) 45... Rc2 $1 46. Qxc2 (46. Rxf4 Rxd2) 46... Qxf1+ {[%emt 0:00:03] Weighted Error Value: White=0.73/Black=0.16 (very precise)} 0-1

[Event "Slovakia Open 2022"]
[Site "Bratislava"]
[Date "2022.10.01"]
[Round "6.20"]
[White "Chlpek, Daniel"]
[Black "Krajnak, Robert"]
[Result "1/2-1/2"]
[ECO "B28"]
[WhiteElo "2020"]
[BlackElo "1931"]
[Annotator "TA"]
[PlyCount "44"]
[EventDate "2022.09.30"]
[EventCountry "SVK"]
[SourceTitle "playchess.com"]
[Source "ChessBase"]
[SourceQuality "1"]
[TimeControl "2700+10"]

1. e4 c5 2. Nf3 a6 3. d4 cxd4 4. Nxd4 Nc6 5. Nc3 Nxd4 6. Qxd4 {[%emt 0:00:10] B28: Sicilian: 2 Nf3 a6 (O'Kelly Variation).} e6 {[%emt 0:00:10] [#] Inhibits Nd5.} 7. Qd3 $146 {[%emt 0:00:10] White is much more active.} ({Predecessor:} 7. Bf4 Ne7 8. O-O-O Nc6 9. Qe3 Qa5 10. Qg3 b5 11. Bc7 Qb4 12. Nd5 exd5 13. exd5 Nd8 14. Bd3 d6 15. Rhe1+ Kd7 16. Bb6 Be7 17. Re4 Qxe4 18. Bxe4 g6 19. Re1 Rb8 20. Qe3 {1-0 (20) Savitskiy,S (2420)-Yeritsyan,H (2231) Cheliabinsk 2022}) 7... Ne7 (7... b5 $11 {feels stronger.}) 8. a3 {[%emt 0:03:22] White is better.} b5 9. Qe3 Nc6 10. Qg3 Qf6 11. Bg5 Qg6 12. Bd3 {[%emt 0:03:18] Strongly threatening e5.} h6 13. Bf4 $36 {[%emt 0:00:04][%mdl 2048] White has good play.} Qxg3 14. Bxg3 Ne5 $2 15. O-O $2 (15. Bxe5 $18 Bb7 16. Be2) 15... Nxd3 $11 16. cxd3 b4 $2 {[%emt 0:00:10] [#]} (16... Be7 $11) 17. axb4 (17. Na4 $1 $16 ) 17... Be7 (17... Bxb4 $14 18. Na4 d6) 18. Nb5 $16 {[%emt 0:00:22] Hoping for Nc7+.} O-O {[%emt 0:00:25] [#]} 19. Bd6 ({Better is} 19. Nc7 $1 Ra7 20. b5) 19... Re8 $2 (19... axb5 $16 {is a better chance.} 20. Bxe7 Rxa1 21. Rxa1 Re8) 20. Bxe7 $18 {[%emt 0:00:00] White is clearly winning.} axb5 (20... Rxe7 $142 21. Nd6 Rb8) 21. Rxa8 f6 22. h4 {[%emt 0:03:43][%cal Of1c1] Rc1! is the strong threat.} Kf7 {[%emt 0:04:08][%mdl 32768] Weighted Error Value: White=0.56/Black=1.06. An unexpected result.} 1/2-1/2

[Event "Slovakia Open 2022"]
[Site "Bratislava"]
[Date "2022.10.01"]
[Round "6.21"]
[White "Hasala, Richard"]
[Black "Rosol, Alexander"]
[Result "1/2-1/2"]
[ECO "D94"]
[WhiteElo "1537"]
[BlackElo "2041"]
[Annotator "TA"]
[PlyCount "98"]
[EventDate "2022.09.30"]
[EventCountry "SVK"]
[SourceTitle "playchess.com"]
[Source "ChessBase"]
[SourceQuality "1"]
[TimeControl "2700+10"]

1. c4 Nf6 2. d4 c5 3. e3 g6 4. Nf3 Bg7 5. Nc3 O-O 6. Be2 cxd4 7. exd4 b6 8. O-O d5 {[%emt 0:00:06] [#]} (8... Bb7 $11 {keeps the balance.}) 9. b3 {[%emt 0:00:37] D94: Grünfeld: 4 Nf3 Bg7 5 e3.} (9. Ne5 $1 $16) 9... e6 10. Bb2 Bb7 {[%emt 0:00:19] [#]} 11. cxd5 $146 (11. Ne5 $11) ({Predecessor:} 11. Rc1 Nc6 12. Re1 Re8 13. Ne5 dxc4 14. bxc4 Nxd4 15. Nb5 Nxe2+ 16. Rxe2 Ne4 17. f3 {0-1 (36) Maklakova,N (1828)-Kostenko,P (2429) Chess.com INT 2020}) 11... Nxd5 $15 12. Nxd5 Qxd5 13. Bc4 Qh5 14. Be2 Qa5 15. a3 Nd7 16. Qd3 Rfd8 17. b4 Qd5 18. Rfd1 Rac8 19. Rac1 Nb8 (19... Bh6 $17 20. Rxc8 Rxc8) 20. Ne1 Qa2 21. Qb1 Qb3 ({Black should play} 21... Qxb1 $17 22. Rxb1 Be4) 22. Bf3 (22. Rxc8 $11 Rxc8 23. Rc1) 22... Bxf3 23. Nxf3 Nc6 24. Rc3 Qa4 25. Rcd3 ({Better is} 25. h3 $15) 25... Ne7 $17 26. Ne5 Rc2 27. Nf3 Nd5 28. Ne1 Rc4 29. g3 (29. Rc1 $17 b5 30. Nc2) 29... Nc7 (29... a5 $19 {has better winning chances.} 30. bxa5 bxa5) 30. f4 ({White should try} 30. Rc1 Rxc1 31. Qxc1) 30... Nb5 31. d5 Bxb2 32. Qxb2 exd5 33. Rxd5 {[%emt 0:00:17][%cal Rd5d8] [#]} Re8 {[%emt 0:00:02] ...Nc3 is the strong threat.} 34. Rd8 Rce4 35. Nf3 {[%emt 0:00:18] aiming for Ne5.} Qxa3 36. Qxa3 Nxa3 37. Rxe8+ Rxe8 $11 {[%emt 0:00:03][%mdl 4096] Endgame KRN-KRN} 38. Kf2 (38. Rd7 $11 {remains equal.}) 38... Re7 $17 39. Ne5 Nb5 40. Rd5 Nc7 (40... Nc3 $17 41. Rd3 Rc7) 41. Rd8+ $11 Kg7 42. Nc6 $1 Ne6 43. Rd6 (43. Ra8 $5 Rc7 44. b5 $11) 43... Rc7 44. b5 Nc5 {[%emt 0:00:14] White must now prevent ...Ne4+.} 45. Ke3 {[%emt 0:00:05] Inhibits Ne4.} Nb7 46. Rd2 Na5 (46... Kf6 $15) 47. Nxa5 $1 {[%emt 0:00:09] The position is equal.} Re7+ 48. Kf3 {[%emt 0:00:05] Hoping for Nc6.} bxa5 49. Ra2 h5 {[%emt 0:00:30] Weighted Error Value: White=0.24 (precise) /Black=0.23 (precise)} 1/2-1/2

[Event "Slovakia Open 2022"]
[Site "Bratislava"]
[Date "2022.10.01"]
[Round "6.22"]
[White "Rosol, Philip"]
[Black "Tomcikova, Zuzana"]
[Result "1-0"]
[ECO "E73"]
[WhiteElo "1885"]
[BlackElo "1796"]
[Annotator "NA COMBH"]
[PlyCount "97"]
[EventDate "2022.09.30"]
[EventCountry "SVK"]
[SourceTitle "playchess.com"]
[Source "ChessBase"]
[SourceQuality "1"]
[TimeControl "2700+10"]

1. d4 Nf6 2. c4 g6 3. Nc3 d6 4. e4 Bg7 5. Be2 O-O 6. Bg5 Nbd7 7. Qd2 e5 8. d5 a5 9. g4 Nc5 10. f3 Re8 11. h4 c6 12. h5 Qc7 13. Rd1 Rd8 14. hxg6 fxg6 15. Nh3 Qf7 16. Be3 cxd5 17. Nxd5 Nxd5 18. cxd5 Bf6 19. Rc1 b6 20. Ng5 Bxg5 21. Bxg5 Rd7 22. O-O Ba6 23. Bxa6 Rxa6 24. Qe2 Ra8 25. Qb5 Rb8 26. a3 a4 27. Be3 Rdb7 28. Rc2 Qd7 29. Qc4 Rc8 30. Rfc1 Rbc7 31. Qb4 Rb7 32. Rc4 Ra8 33. Qc3 Rab8 34. Qc2 Ra8 35. Kg2 b5 36. Rc3 Nb3 37. Rc8+ Rxc8 38. Qxc8+ Qxc8 39. Rxc8+ Kf7 40. Rh8 Kf6 41. Bh6 g5 42. Rg8 Nd4 43. Bxg5+ Kf7 44. Rd8 Rb6 45. Be3 Ra6 46. Bxd4 exd4 47. Kf2 Kf6 48. Ke2 Ke5 49. Rf8 1-0

[Event "Slovakia Open 2022"]
[Site "Bratislava"]
[Date "2022.10.01"]
[Round "6.23"]
[White "Hlavac, Tomas"]
[Black "Kucera, Michal"]
[Result "1-0"]
[ECO "B31"]
[WhiteElo "1554"]
[BlackElo "1927"]
[Annotator "TA"]
[PlyCount "89"]
[EventDate "2022.09.30"]
[EventCountry "SVK"]
[SourceTitle "playchess.com"]
[Source "ChessBase"]
[SourceQuality "1"]
[TimeControl "2700+10"]

1. e4 c5 2. Nf3 Nc6 3. Bb5 g6 4. Bxc6 dxc6 5. O-O Bg7 6. Re1 e5 7. d3 f6 8. Be3 {[%emt 0:00:19] B31: Sicilian: 2...Nc6 3 Bb5 g6.} b6 9. h3 Nh6 10. Nbd2 {[%emt 0:00:48] The position is equal.} Be6 {[%emt 0:01:58] [#]} 11. c3 $146 (11. a3 $14) ({Predecessor:} 11. Qe2 O-O 12. Rad1 Qc7 13. Nf1 Rad8 14. c3 Bxa2 15. b4 Bb3 16. Rb1 c4 17. dxc4 Ba4 18. Qa2 {1-0 (18) Abiad Parra,C (1904)-Guinan Lopez,J (2012) Punto Fijo 2013}) 11... O-O (11... Qxd3 $15 12. b4 cxb4 13. cxb4 O-O) 12. d4 $14 cxd4 13. cxd4 Nf7 14. b3 Qd7 15. Qe2 Rfd8 16. Rad1 (16. dxe5 {is more complex.} fxe5 17. Ng5 Bf6 18. Ndf3) 16... Qb7 17. dxe5 $1 Nxe5 18. Nxe5 fxe5 19. Bg5 Rd7 20. Nc4 h6 21. Rxd7 Qxd7 22. Rd1 Qf7 23. Bh4 {[%emt 0:01:18] White is more active.} b5 (23... Bxc4 $14 24. Qxc4 Qxc4 25. bxc4 b5) 24. Nd2 ({White should try} 24. Nd6 $16 Qc7 25. Qb2) 24... Bf6 $2 ({Black should play} 24... Qc7 $14) 25. Bg3 (25. Bxf6 $18 Qxf6 26. Nf3) 25... Qc7 26. Nf3 c5 (26... Kh7 $16 {was called for.} 27. Qb2 Rd8 28. Rxd8 Qxd8) 27. Qxb5 $18 Rb8 28. Qe2 c4 29. bxc4 Bxc4 30. Qc2 Rc8 31. Rc1 Qe7 32. Qa4 Be6 33. Rxc8+ Bxc8 34. Qa5 Qd8 $2 (34... Bb7 35. Qc3 (35. Bxe5 Bxe5 36. Nxe5 Bxe4 $16) (35. Nxe5 Bxe4 36. Qb5 Kh7 $16) 35... Kh7 36. Bxe5 Bxe5 37. Nxe5 Bxe4) 35. Bxe5 $4 Qxa5 $19 36. Bxf6 Qxa2 {[%emt 0:00:10] [#] Strongly threatening ...Qb1+.} 37. e5 Qd5 {[%emt 0:00:18] ...Bb7 is the strong threat.} 38. Nh4 g5 39. Ng6 Kf7 40. Ne7 Qe4 {[%emt 0:00:22] ( -> ...Ba6)} 41. Nxc8 a5 $4 {[%emt 0:00:03][%mdl 8192] [#]} (41... Qe1+ $19 42. Kh2 Qxf2 43. Nd6+ Ke6) 42. Nd6+ {[%emt 0:00:06] White mates.} Ke6 43. Nxe4 a4 44. Nc3 a3 45. Kf1 {[%emt 0:00:06] A wild game.  Weighted Error Value: White=0.59/Black=0.68} 1-0

[Event "Slovakia Open 2022"]
[Site "Bratislava"]
[Date "2022.10.01"]
[Round "6.24"]
[White "Dolnik, Michal"]
[Black "Pekar, Matus"]
[Result "0-1"]
[ECO "B08"]
[WhiteElo "1485"]
[BlackElo "1679"]
[Annotator "NA RC COMBH"]
[PlyCount "50"]
[EventDate "2022.09.30"]
[EventCountry "SVK"]
[SourceTitle "playchess.com"]
[Source "ChessBase"]
[SourceQuality "1"]
[TimeControl "2700+10"]

1. e4 d6 2. d4 Nf6 3. Nc3 g6 4. Nf3 Bg7 5. Bc4 c6 6. a3 Nbd7 7. e5 Nd5 8. Nxd5 cxd5 9. Bxd5 Qa5+ 10. Bd2 Qxd5 11. c4 Qe4+ 12. Be3 dxe5 13. dxe5 Qxc4 14. Rc1 Qe4 15. O-O Nxe5 16. Nxe5 Bxe5 17. Re1 Qh4 18. f4 Bf6 19. Rc7 O-O 20. Bf2 Qxf4 21. Bg3 Qg5 22. Qa4 Rd8 23. Bf4 Qd5 24. Be3 b5 25. Qb4 Bb7 0-1

[Event "Slovakia Open 2022"]
[Site "Bratislava"]
[Date "2022.10.01"]
[Round "6.25"]
[White "Melih, Mario"]
[Black "Malaschitz, Teodor"]
[Result "1/2-1/2"]
[ECO "D53"]
[WhiteElo "1633"]
[BlackElo "1448"]
[Annotator "NA RC COMBH"]
[PlyCount "63"]
[EventDate "2022.09.30"]
[EventCountry "SVK"]
[SourceTitle "playchess.com"]
[Source "ChessBase"]
[SourceQuality "1"]
[TimeControl "2700+10"]

1. Nf3 Nf6 2. c4 e6 3. d4 d5 4. Nc3 c6 5. Bg5 Be7 6. e3 h6 7. Bh4 O-O 8. Bd3 dxc4 9. Bxc4 Nd5 10. Bg3 Bd6 11. O-O Bxg3 12. hxg3 Nd7 13. e4 Nxc3 14. bxc3 b6 15. Qe2 Bb7 16. Rfd1 Qc7 17. Rac1 Rac8 18. a4 Qb8 19. e5 Qa8 20. Qb2 c5 21. Nd2 cxd4 22. cxd4 Bd5 23. Bf1 Qb7 24. a5 Rfd8 25. Ra1 Rf8 26. axb6 Qxb6 27. Qxb6 axb6 28. Rdc1 Rxc1 29. Rxc1 Nb8 30. Rc7 Rd8 31. Ra7 Kf8 32. g4 1/2-1/2

[Event "Slovakia Open 2022"]
[Site "Bratislava"]
[Date "2022.10.01"]
[Round "6.26"]
[White "Shykhnenko, Hryhorii"]
[Black "Migalko, Dmitriy"]
[Result "0-1"]
[ECO "B23"]
[WhiteElo "1317"]
[BlackElo "1528"]
[Annotator "NA COMBH"]
[PlyCount "72"]
[EventDate "2022.09.30"]
[EventCountry "SVK"]
[SourceTitle "playchess.com"]
[Source "ChessBase"]
[SourceQuality "1"]
[TimeControl "2700+10"]

1. e4 c5 2. Nc3 e6 3. f4 d5 4. Bb5+ Nc6 5. d3 d4 6. Nce2 Qa5+ 7. Bd2 Qxb5 8. Rb1 Qb6 9. Nf3 Bd6 10. O-O Nge7 11. Qe1 Bd7 12. c4 Qc7 13. e5 Bxe5 14. fxe5 Nxe5 15. Bf4 Nxf3+ 16. Rxf3 e5 17. Bd2 Bc6 18. Rf1 f6 19. Qg3 O-O-O 20. b4 b6 21. bxc5 bxc5 22. Qe1 Rde8 23. Ba5 Qd6 24. Ng3 g6 25. Qc1 Nf5 26. Nxf5 gxf5 27. Rxf5 Rhg8 28. Rf2 e4 29. dxe4 Rxe4 30. Qh6 Reg4 31. Rbb2 d3 32. Qxh7 Rxg2+ 33. Rxg2 Qd4+ 34. Kf1 Qf4+ 35. Rgf2 Bg2+ 36. Kg1 Qc1+ 0-1